Workbook
Name Excel_BuiltIn__FilterDatabase_2: "$#REF!.$A$9:$G$2369"
Name Excel_BuiltIn_Print_Area_1: #REF!
Name Excel_BuiltIn_Print_Area_1: #REF!
Name Excel_BuiltIn_Print_Area_4: #REF!
Name Excel_BuiltIn_Print_Area_4: #REF!

Sheet DADOS OBRA
A9: AMPLIAÇÃO DO CENTRO CULTURAL DO CAXIAS NO MUNICÍPIO DE CONCEIÇÃO DO CASTELO - ES
A29: PLANILHA ORÇAMENTÁRIA
A31: Obra: | B31: REFORMA/AMPLIAÇÃO DO CENTRO CULTURAL DO CAXIAS NO MUNICÍPIO DE CONCEIÇÃO DO CASTELO - ESPIRITO SANTO.
A32: End: | B32: AV. HARVEY VARGAS GRILO, 143 - CENTRO, CONCEIÇÃO DO CASTELO - ES, 29370-000
A42: Responsáveis técnicos
A43: LUIZ ALBERTO GONÇALVES BARBOSA - ARQUITETO & URBANISTA - CAU A74193-0

Sheet DECLARAÇÃO
A2: DECLARAÇÃO
A4: Objeto: REFORMA/AMPLIAÇÃO DO CENTRO CULTURAL DO CAXIAS NO MUNICÍPIO DE CONCEIÇÃO DO CASTELO - ESPIRITO SANTO.
A6: AV. HARVEY VARGAS GRILO, 143 - CENTRO, CONCEIÇÃO DO CASTELO - ES, 29370-000
B9: Declaramos para os devidos fins que os quantitativos constantes nesta planilha orçamentária estão de acordo com os projetos de arquitetura e engenharia da obra.
B10: Declaramos o ainda que os custos unitários de insumos e serviços estão de acordo com os do Sistema Nacional de Pesquisa de Custos e Índices da Construção Civil (SINAPI - ONERADO).
B11: O percentual de encargos sociais adotado é de 116,89% (horista) e 72,95% (mensalista), Conforme SINAPI - Sistema Nacional de Pesquisa de Custos e Índices da Construção Civil mantido e divulgado pela Caixa Econômica Federal.
B12: Os itens não que não estão como referenciais da SINAPI - ONERADO foram substituída tomando como base, as bases de sistema mais próximos (IOPES - Espírito Santo, ORSE-SE, EMOP-RJ).
B13: Os itens não constantes nas planilhas referenciais tomadas como base, tiveram seu valor obtido segundo cotações de mercado.
B14: Este orçamento e seus anexos seguem as diretrizes e orientações da LEI Nº 14.133, DE 1º DE ABRIL DE 2021, o Decreto Nº 7.983, de 8 de abril de 2013, art. 9º da Resolução CNJ 114 de 20/04/10 e Resolução N° 366, de 22 Novembro de 2022.
H17: =TODAY() -> 46083
A19: ___________________________________________
A20: LUIZ ALBERTO GONÇALVES BARBOSA
A21: ARQUITETO & URBANISTA - CAU A74193-0

Sheet BDI-SERVIÇO
A3: ANEXO
A4: BDI PARA SERVIÇOS
A7: BONIFICAÇÃO E DESPESAS INDIRETAS
A8: ='DADOS OBRA'!$B$31 -> REFORMA/AMPLIAÇÃO DO CENTRO CULTURAL DO CAXIAS NO MUNICÍPIO DE CONCEIÇÃO DO CASTELO - ESPIRITO SANTO.
A9: ='DADOS OBRA'!$B$32 -> AV. HARVEY VARGAS GRILO, 143 - CENTRO, CONCEIÇÃO DO CASTELO - ES, 29370-000
A10: COMPOSIÇÃO DA B.D.I.
A11: 1 | B11: LUCRO | C11: L | D11: 8 | E11: %
A12: 2 | B12: DESPESAS INDIRETAS
A13: 2.1 | B13: ADMINISTRAÇÃO CENTRAL | C13: AC | D13: 4.06 | E13: %
A14: 2.2 | B14: ADMINISTRAÇÃO LOCAL | C14: AL | D14: 8.19 | E14: % | F14: VERBA ESTADUAL .: FAIXA 2
A15: 2.2 | B15: SEGURO + GARANTIA | C15: R+S+G | D15: 1 | E15: %
A16: 2.4 | B16: DESPESAS E ENCARGOS FINANCEIROS | C16: DF | D16: 0.61 | E16: %
A17: 3 | B17: Impostos | C17: I | D17: =D18+D19+D20+D21 -> 7.65 | E17: %
A18: 3.1 | B18: COFINS | C18: i° | D18: 3 | E18: %
A19: 3.2 | B19: ISS | C19: i¹ | D19: 4 | E19: % | F19: ISS DO MUNICÍPIO
A20: 3.3 | B20: PIS | C20: i² | D20: 0.65 | E20: %
A21: 3.4 | B21: CPRB – Contribuição Previdenciária Sobre a Receita Bruta | C21: i³ | D21: 0 | E21: % | F21: ONERADO
B22: TOTAL TAXA DE B.D.I. | D22: =ROUND((((1+D13/100+D14/100+D15/100)*(1+D16/100)*(1+D11/100))/(1-(D18/100+D19/100+D20/100+D21/100))-1)*100,2) -> 33.25 | E22: %
A27: X = Taxa referente ao somatório das despesas indiretas, exceto tributos e despesas financeiras;
B28: X= AC/100 + AL/100 + (R+S+G)/100 + DF/100
A29: Y = Taxa representativa das despesas financeiras;
B30: Y= DF/100
A31: Z = Taxa representativa do lucro;
B32: Z= L/100
A33: I = Taxa representativa da incidência de tributos.
B34: I = i/100°+i¹/100+i²/100+i³/100
B36: Percentuais da 2° FAIXA, extraídos da Resolução N° 366, de 22 Novembro de 2022.
B37: Alíquota CPRB definida pelas leis 12.546/11, 12.844/13 e 13.161/15
A39: ___________________________________________
A40: LUIZ ALBERTO GONÇALVES BARBOSA
A41: ARQUITETO & URBANISTA - CAU A74193-0

Sheet BDI-EQUIPAMENTO
A3: ANEXO
A4: BDI PARA EQUIPAMENTOS
A7: BONIFICAÇÃO E DESPESAS INDIRETAS
A8: ='BDI-SERVIÇO'!$A$8 -> REFORMA/AMPLIAÇÃO DO CENTRO CULTURAL DO CAXIAS NO MUNICÍPIO DE CONCEIÇÃO DO CASTELO - ESPIRITO SANTO.
A9: ='BDI-SERVIÇO'!$A$9 -> AV. HARVEY VARGAS GRILO, 143 - CENTRO, CONCEIÇÃO DO CASTELO - ES, 29370-000
A10: COMPOSIÇÃO DA B.D.I.
A11: 1 | B11: BONIFICAÇÃO | C11: B | D11: 2.5 | E11: %
A12: 2 | B12: DESPESAS INDIRETAS
A13: 2.1 | B13: ADMINISTRAÇÃO CENTRAL | C13: AC | D13: 1.5 | E13: %
A14: 2.2 | B14: SEGURO + GARANTIA | C14: S + G | D14: 0.3 | E14: %
A15: 2.3 | B15: RISCO | C15: R | D15: 0.56 | E15: %
A16: 2.4 | B16: DESPESAS FINANCEIRAS | C16: DF | D16: 0.85 | E16: %
A17: 3 | B17: Impostos | C17: I | D17: =D18+D19+D20+D21 -> 8.15 | E17: %
A18: 3.1 | B18: COFINS | C18: i° | D18: 3 | E18: %
A19: 3.2 | B19: ISS | C19: i¹ | D19: 0 | E19: % | F19: ZERADO
A20: 3.3 | B20: PIS | C20: i² | D20: 0.65 | E20: %
A21: 3.4 | B21: CPRB – Contribuição Previdenciária Sobre a Receita Bruta | C21: i³ | D21: 4.5 | E21: %
A22: TOTAL TAXA DE B.D.I. | D22: 15.57 | E22: %
A28: X = Taxa referente ao somatório das despesas indiretas, exceto tributos e despesas financeiras;
B29: X= AC/100 + (S+G)/100 + R/100
A30: Y = Taxa representativa das despesas financeiras;
B31: Y= DF/100
A32: Z = Taxa representativa do lucro;
B33: Z= B/100
A34: I = Taxa representativa da incidência de tributos.
B35: I = i/100°+i¹/100+i²/100+i³/100
B37: Percentuais extraídos da Resolução N° 366, de 22 Novembro de 2022.
B38: Aquisição de materiais e equipamentos nas planilhas orçamentárias, adotando o valor do material ou equipamento acrescido de um BDI de 15,57%
A40: ___________________________________________
A41: LUIZ ALBERTO GONÇALVES BARBOSA
A42: ARQUITETO & URBANISTA - CAU A74193-0

Sheet ORÇAMENTO SINTÉTICO-RESUMO
I1: LOGO DA EMPRESA / NOME /CNPJ
F2: Data: | G2: =TODAY() -> 46083
A3: ORÇAMENTO SINTÉTICO - SERVIÇOS - ONERADO
A4: REFORMA/AMPLIAÇÃO DO CENTRO CULTURAL DO CAXIAS NO MUNICÍPIO DE CONCEIÇÃO DO CASTELO - ESPIRITO SANTO. | E4: B.D.I. SERVIÇO: | F4: B.D.I. EQUIPAMENTOS: | G4: REFERÊNCIA: SINAPI - 03/2025 - Espírito Santo ORSE - 03/2025 - Sergipe IOPES - 03/2025 - Espírito Santo EMOP - 03/2025 - Rio de Janeiro | I4: PROPOSTA DA EMPRESA
A5: AV. HARVEY VARGAS GRILO, 143 - CENTRO, CONCEIÇÃO DO CASTELO - ES, 29370-000 | E5: 0.3325 | F5: 0.1557
A6: ITEM | B6: REFERÊNCIA | D6: DESCRIÇÃO | E6: UN | F6: QTD. | G6: VALOR TOTAL UNITÁRIO COM BDI | H6: TOTAL COM BDI | I6: VALOR TOTAL UNITÁRIO COM BDI | J6: TOTAL COM BDI
B7: BASE | C7: CÓDIGO
A8: 1 | D8: SERVIÇOS PRELIMINARES | H8: 10744.73 | J8: =SUMIF(#REF!,'ORÇAMENTO SINTÉTICO-RESUMO'!C8,#REF!) -> #REF!
A9: 1.1 | B9: 103689 | C9: SINAPI | D9: FORNECIMENTO E INSTALAÇÃO DE PLACA DE OBRA COM CHAPA GALVANIZADA E ESTRUTURA DE MADEIRA. AF_03/2022_PS | E9: m² | F9: 6 | G9: 466.65 | H9: 3880.13 | J9: =ROUND(I9*$F9,2) -> 0 | K9: =IF(I9<=G9,"OK","FALSO") -> OK
A10: 1.2 | B10: 020802 | C10: IOPES | D10: BARRACÃO PARA ALMOXARIFADO ÁREA DE 10.90M2, DE CHAPA DE COMPENSADO 12MM E PONTALETES 8X8CM, PISO CIMENTADO E COBERTURA DE TELHA DE FIBROCIMENTO DE 6MM, INCLUSIVE PONTO DE LUZ, CONF. PROJETO (2 UTILIZAÇÕES) | E10: m² | F10: 10.9 | G10: 454.45 | H10: 6864.6 | J10: =ROUND(I10*$F10,2) -> 0 | K10: =IF(I10<=G10,"OK","FALSO") -> OK
A11: 2 | D11: ESTRUTURA DE CONCRETO | H11: 168227.64 | J11: =SUMIF(#REF!,'ORÇAMENTO SINTÉTICO-RESUMO'!C11,#REF!) -> #REF! | K11: =IF(I11<=G11,"OK","FALSO") -> OK
A12: 2.1 | D12: FUNDAÇÃO - ESCADA | H12: 1743.65 | J12: =SUMIF(#REF!,'ORÇAMENTO SINTÉTICO-RESUMO'!C12,#REF!) -> #REF! | K12: =IF(I12<=G12,"OK","FALSO") -> OK
A13: 2.1.1 | B13: 96523 | C13: SINAPI | D13: ESCAVAÇÃO MANUAL PARA BLOCO DE COROAMENTO OU SAPATA (INCLUINDO ESCAVAÇÃO PARA COLOCAÇÃO DE FÔRMAS). AF_01/2024 | E13: m³ | F13: 2.27 | G13: 110.18 | H13: 346.61 | J13: =ROUND(I13*$F13,2) -> 0 | K13: =IF(I13<=G13,"OK","FALSO") -> OK
A14: 2.1.2 | B14: 104918 | C14: SINAPI | D14: ARMAÇÃO DE SAPATA ISOLADA, VIGA BALDRAME E SAPATA CORRIDA UTILIZANDO AÇO CA-50 DE 8 MM - MONTAGEM. AF_01/2024 | E14: KG | F14: 29.9 | G14: 16.78 | H14: 695.24 | J14: =ROUND(I14*$F14,2) -> 0 | K14: =IF(I14<=G14,"OK","FALSO") -> OK
A15: 2.1.3 | B15: 96535 | C15: SINAPI | D15: FABRICAÇÃO, MONTAGEM E DESMONTAGEM DE FÔRMA PARA SAPATA, EM MADEIRA SERRADA, E=25 MM, 4 UTILIZAÇÕES. AF_01/2024 | E15: m² | F15: 2.13 | G15: 153.11 | H15: 451.93 | J15: =ROUND(I15*$F15,2) -> 0 | K15: =IF(I15<=G15,"OK","FALSO") -> OK
A16: 2.1.4 | B16: 94971 | C16: SINAPI | D16: CONCRETO FCK = 25MPA, TRAÇO 1:2,3:2,7 (EM MASSA SECA DE CIMENTO/ AREIA MÉDIA/ BRITA 1) - PREPARO MECÂNICO COM BETONEIRA 600 L. AF_05/2021 | E16: m³ | F16: 0.38 | G16: 474.49 | H16: 249.87 | J16: =ROUND(I16*$F16,2) -> 0 | K16: =IF(I16<=G16,"OK","FALSO") -> OK
A17: 2.2 | D17: ARRANQUES - ESCADA | H17: 946.54 | J17: =SUMIF(#REF!,'ORÇAMENTO SINTÉTICO-RESUMO'!C17,#REF!) -> #REF! | K17: =IF(I17<=G17,"OK","FALSO") -> OK
A18: 2.2.1 | B18: 92762 | C18: SINAPI | D18: ARMAÇÃO DE PILAR OU VIGA DE ESTRUTURA CONVENCIONAL DE CONCRETO ARMADO UTILIZANDO AÇO CA-50 DE 10,0 MM - MONTAGEM. AF_06/2022 | E18: KG | F18: 20.8 | G18: 12.94 | H18: 373.06 | J18: =ROUND(I18*$F18,2) -> 0 | K18: =IF(I18<=G18,"OK","FALSO") -> OK
A19: 2.2.2 | B19: 92766 | C19: SINAPI | D19: ARMAÇÃO DE PILAR OU VIGA DE ESTRUTURA CONVENCIONAL DE CONCRETO ARMADO UTILIZANDO AÇO CA-50 DE 25,0 MM - MONTAGEM. AF_06/2022 | E19: KG | F19: 6.9 | G19: 11.85 | H19: 113.27 | J19: =ROUND(I19*$F19,2) -> 0 | K19: =IF(I19<=G19,"OK","FALSO") -> OK
A20: 2.2.3 | B20: 7478 | C20: ORSE | D20: Forma plana para pilares, em compensado plastificado de 14mm, 04 usos, inclusive escoramento | E20: m² | F20: 3.64 | G20: 65.16 | H20: 328.7 | J20: =ROUND(I20*$F20,2) -> 0 | K20: =IF(I20<=G20,"OK","FALSO") -> OK
A21: 2.2.4 | B21: 94971 | C21: SINAPI | D21: CONCRETO FCK = 25MPA, TRAÇO 1:2,3:2,7 (EM MASSA SECA DE CIMENTO/ AREIA MÉDIA/ BRITA 1) - PREPARO MECÂNICO COM BETONEIRA 600 L. AF_05/2021 | E21: m³ | F21: 0.2 | G21: 474.49 | H21: 131.51 | J21: =ROUND(I21*$F21,2) -> 0 | K21: =IF(I21<=G21,"OK","FALSO") -> OK
A22: 2.3 | D22: PILARES ESCADA - ESCADA | H22: 1610.72 | J22: =SUMIF(#REF!,'ORÇAMENTO SINTÉTICO-RESUMO'!C22,#REF!) -> #REF! | K22: =IF(I22<=G22,"OK","FALSO") -> OK
A23: 2.3.1 | B23: 92762 | C23: SINAPI | D23: ARMAÇÃO DE PILAR OU VIGA DE ESTRUTURA CONVENCIONAL DE CONCRETO ARMADO UTILIZANDO AÇO CA-50 DE 10,0 MM - MONTAGEM. AF_06/2022 | E23: KG | F23: 27 | G23: 12.94 | H23: 484.26 | J23: =ROUND(I23*$F23,2) -> 0 | K23: =IF(I23<=G23,"OK","FALSO") -> OK
A24: 2.3.2 | B24: 92766 | C24: SINAPI | D24: ARMAÇÃO DE PILAR OU VIGA DE ESTRUTURA CONVENCIONAL DE CONCRETO ARMADO UTILIZANDO AÇO CA-50 DE 25,0 MM - MONTAGEM. AF_06/2022 | E24: KG | F24: 12 | G24: 11.85 | H24: 197 | J24: =ROUND(I24*$F24,2) -> 0 | K24: =IF(I24<=G24,"OK","FALSO") -> OK
A25: 2.3.3 | B25: 7478 | C25: ORSE | D25: Forma plana para pilares, em compensado plastificado de 14mm, 04 usos, inclusive escoramento | E25: m² | F25: 7.38 | G25: 65.16 | H25: 666.44 | J25: =ROUND(I25*$F25,2) -> 0 | K25: =IF(I25<=G25,"OK","FALSO") -> OK
A26: 2.3.4 | B26: 94971 | C26: SINAPI | D26: CONCRETO FCK = 25MPA, TRAÇO 1:2,3:2,7 (EM MASSA SECA DE CIMENTO/ AREIA MÉDIA/ BRITA 1) - PREPARO MECÂNICO COM BETONEIRA 600 L. AF_05/2021 | E26: m³ | F26: 0.4 | G26: 474.49 | H26: 263.02 | J26: =ROUND(I26*$F26,2) -> 0 | K26: =IF(I26<=G26,"OK","FALSO") -> OK
A27: 2.4 | D27: LAJES - ESCADA | H27: 15308.33 | J27: =SUMIF(#REF!,'ORÇAMENTO SINTÉTICO-RESUMO'!C27,#REF!) -> #REF! | K27: =IF(I27<=G27,"OK","FALSO") -> OK
A28: 2.4.1 | B28: 95943 | C28: SINAPI | D28: ARMAÇÃO DE ESCADA, DE UMA ESTRUTURA CONVENCIONAL DE CONCRETO ARMADO UTILIZANDO AÇO CA-60 DE 5,0 MM - MONTAGEM. AF_11/2020 | E28: KG | F28: 0.3 | G28: 25.89 | H28: 10.77 | J28: =ROUND(I28*$F28,2) -> 0 | K28: =IF(I28<=G28,"OK","FALSO") -> OK
A29: 2.4.2 | B29: 95946 | C29: SINAPI | D29: ARMAÇÃO DE ESCADA, DE UMA ESTRUTURA CONVENCIONAL DE CONCRETO ARMADO UTILIZANDO AÇO CA-50 DE 10,0 MM - MONTAGEM. AF_11/2020 | E29: KG | F29: 287.8 | G29: 17.18 | H29: 6853.03 | J29: =ROUND(I29*$F29,2) -> 0 | K29: =IF(I29<=G29,"OK","FALSO") -> OK
A30: 2.4.3 | B30: 95944 | C30: SINAPI | D30: ARMAÇÃO DE ESCADA, DE UMA ESTRUTURA CONVENCIONAL DE CONCRETO ARMADO UTILIZANDO AÇO CA-50 DE 6,3 MM - MONTAGEM. AF_11/2020 | E30: KG | F30: 31.3 | G30: 23.43 | H30: 1016.41 | J30: =ROUND(I30*$F30,2) -> 0 | K30: =IF(I30<=G30,"OK","FALSO") -> OK
A31: 2.4.4 | B31: 101998 | C31: SINAPI | D31: FABRICAÇÃO DE FÔRMA PARA ESCADAS, COM 1 LANCE E LAJE CASCATA, EM CHAPA DE MADEIRA COMPENSADA RESINADA, E= 17 MM. AF_11/2020 | E31: m² | F31: 23.59 | G31: 165.67 | H31: 5416.02 | J31: =ROUND(I31*$F31,2) -> 0 | K31: =IF(I31<=G31,"OK","FALSO") -> OK
A32: 2.4.5 | B32: 94971 | C32: SINAPI | D32: CONCRETO FCK = 25MPA, TRAÇO 1:2,3:2,7 (EM MASSA SECA DE CIMENTO/ AREIA MÉDIA/ BRITA 1) - PREPARO MECÂNICO COM BETONEIRA 600 L. AF_05/2021 | E32: m³ | F32: 3.06 | G32: 474.49 | H32: 2012.1 | J32: =ROUND(I32*$F32,2) -> 0 | K32: =IF(I32<=G32,"OK","FALSO") -> OK
A33: 2.5 | D33: LAJES - PAVIMENTO SUPERIOR | H33: 3468.31 | J33: =SUMIF(#REF!,'ORÇAMENTO SINTÉTICO-RESUMO'!C33,#REF!) -> #REF! | K33: =IF(I33<=G33,"OK","FALSO") -> OK
A34: 2.5.1 | B34: 92768 | C34: SINAPI | D34: ARMAÇÃO DE LAJE DE ESTRUTURA CONVENCIONAL DE CONCRETO ARMADO UTILIZANDO AÇO CA-60 DE 5,0 MM - MONTAGEM. AF_06/2022 | E34: KG | F34: 13.7 | G34: 15.72 | H34: 298.47 | J34: =ROUND(I34*$F34,2) -> 0 | K34: =IF(I34<=G34,"OK","FALSO") -> OK
A35: 2.5.2 | B35: 92769 | C35: SINAPI | D35: ARMAÇÃO DE LAJE DE ESTRUTURA CONVENCIONAL DE CONCRETO ARMADO UTILIZANDO AÇO CA-50 DE 6,3 MM - MONTAGEM. AF_06/2022 | E35: KG | F35: 30.2 | G35: 14.83 | H35: 620.52 | J35: =ROUND(I35*$F35,2) -> 0 | K35: =IF(I35<=G35,"OK","FALSO") -> OK
A36: 2.5.3 | B36: 92267 | C36: SINAPI | D36: FABRICAÇÃO DE FÔRMA PARA LAJES, EM CHAPA DE MADEIRA COMPENSADA RESINADA, E = 17 MM. AF_09/2020 | E36: m² | F36: 14.15 | G36: 59.92 | H36: 1175.04 | J36: =ROUND(I36*$F36,2) -> 0 | K36: =IF(I36<=G36,"OK","FALSO") -> OK
A37: 2.5.4 | B37: 94971 | C37: SINAPI | D37: CONCRETO FCK = 25MPA, TRAÇO 1:2,3:2,7 (EM MASSA SECA DE CIMENTO/ AREIA MÉDIA/ BRITA 1) - PREPARO MECÂNICO COM BETONEIRA 600 L. AF_05/2021 | E37: m³ | F37: 2.09 | G37: 474.49 | H37: 1374.28 | J37: =ROUND(I37*$F37,2) -> 0 | K37: =IF(I37<=G37,"OK","FALSO") -> OK
A38: 2.6 | D38: PILARES | H38: 46577.96 | J38: =SUMIF(#REF!,'ORÇAMENTO SINTÉTICO-RESUMO'!C38,#REF!) -> #REF! | K38: =IF(I38<=G38,"OK","FALSO") -> OK
A39: 2.6.1 | B39: 92762 | C39: SINAPI | D39: ARMAÇÃO DE PILAR OU VIGA DE ESTRUTURA CONVENCIONAL DE CONCRETO ARMADO UTILIZANDO AÇO CA-50 DE 10,0 MM - MONTAGEM. AF_06/2022 | E39: KG | F39: 463.5 | G39: 12.94 | H39: 8313.08 | J39: =ROUND(I39*$F39,2) -> 0 | K39: =IF(I39<=G39,"OK","FALSO") -> OK
A40: 2.6.2 | B40: 92763 | C40: SINAPI | D40: ARMAÇÃO DE PILAR OU VIGA DE ESTRUTURA CONVENCIONAL DE CONCRETO ARMADO UTILIZANDO AÇO CA-50 DE 12,5 MM - MONTAGEM. AF_06/2022 | E40: KG | F40: 515.5 | G40: 10.9 | H40: 7789.49 | J40: =ROUND(I40*$F40,2) -> 0 | K40: =IF(I40<=G40,"OK","FALSO") -> OK
A41: 2.6.3 | B41: 92766 | C41: SINAPI | D41: ARMAÇÃO DE PILAR OU VIGA DE ESTRUTURA CONVENCIONAL DE CONCRETO ARMADO UTILIZANDO AÇO CA-50 DE 25,0 MM - MONTAGEM. AF_06/2022 | E41: KG | F41: 279.7 | G41: 11.85 | H41: 4591.67 | J41: =ROUND(I41*$F41,2) -> 0 | K41: =IF(I41<=G41,"OK","FALSO") -> OK
A42: 2.6.4 | B42: 7478 | C42: ORSE | D42: Forma plana para pilares, em compensado plastificado de 14mm, 04 usos, inclusive escoramento | E42: m² | F42: 163.58 | G42: 65.16 | H42: 14771.85 | J42: =ROUND(I42*$F42,2) -> 0 | K42: =IF(I42<=G42,"OK","FALSO") -> OK
A43: 2.6.5 | B43: 94971 | C43: SINAPI | D43: CONCRETO FCK = 25MPA, TRAÇO 1:2,3:2,7 (EM MASSA SECA DE CIMENTO/ AREIA MÉDIA/ BRITA 1) - PREPARO MECÂNICO COM BETONEIRA 600 L. AF_05/2021 | E43: m³ | F43: 9.51 | G43: 474.49 | H43: 6253.29 | J43: =ROUND(I43*$F43,2) -> 0 | K43: =IF(I43<=G43,"OK","FALSO") -> OK
A44: 2.6.6 | B44: 040810 | C44: IOPES | D44: RECOMPOSIÇÃO DE CONCRETO DANIFICADO, COM UTILIZAÇÃO DE ARGAMASSA SIKA GROUT OU EQUIVALENTE | E44: m³ | F44: 0.47 | G44: 7459.52 | H44: 4858.58 | J44: =ROUND(I44*$F44,2) -> 0 | K44: =IF(I44<=G44,"OK","FALSO") -> OK
A45: 2.7 | D45: PILARES DE FECHAMENTO | H45: 9029.95 | J45: =SUMIF(#REF!,'ORÇAMENTO SINTÉTICO-RESUMO'!C45,#REF!) -> #REF! | K45: =IF(I45<=G45,"OK","FALSO") -> OK
A46: 2.7.1 | B46: 92762 | C46: SINAPI | D46: ARMAÇÃO DE PILAR OU VIGA DE ESTRUTURA CONVENCIONAL DE CONCRETO ARMADO UTILIZANDO AÇO CA-50 DE 10,0 MM - MONTAGEM. AF_06/2022 | E46: KG | F46: 129.6 | G46: 12.94 | H46: 2324.43 | J46: =ROUND(I46*$F46,2) -> 0 | K46: =IF(I46<=G46,"OK","FALSO") -> OK
A47: 2.7.2 | B47: 92763 | C47: SINAPI | D47: ARMAÇÃO DE PILAR OU VIGA DE ESTRUTURA CONVENCIONAL DE CONCRETO ARMADO UTILIZANDO AÇO CA-50 DE 12,5 MM - MONTAGEM. AF_06/2022 | E47: KG | F47: 30 | G47: 10.9 | H47: 453.32 | J47: =ROUND(I47*$F47,2) -> 0 | K47: =IF(I47<=G47,"OK","FALSO") -> OK
A48: 2.7.3 | B48: 92766 | C48: SINAPI | D48: ARMAÇÃO DE PILAR OU VIGA DE ESTRUTURA CONVENCIONAL DE CONCRETO ARMADO UTILIZANDO AÇO CA-50 DE 25,0 MM - MONTAGEM. AF_06/2022 | E48: KG | F48: 67.1 | G48: 11.85 | H48: 1101.54 | J48: =ROUND(I48*$F48,2) -> 0 | K48: =IF(I48<=G48,"OK","FALSO") -> OK
A49: 2.7.4 | B49: 7478 | C49: ORSE | D49: Forma plana para pilares, em compensado plastificado de 14mm, 04 usos, inclusive escoramento | E49: m² | F49: 39.78 | G49: 65.16 | H49: 3592.27 | J49: =ROUND(I49*$F49,2) -> 0 | K49: =IF(I49<=G49,"OK","FALSO") -> OK
A50: 2.7.5 | B50: 94971 | C50: SINAPI | D50: CONCRETO FCK = 25MPA, TRAÇO 1:2,3:2,7 (EM MASSA SECA DE CIMENTO/ AREIA MÉDIA/ BRITA 1) - PREPARO MECÂNICO COM BETONEIRA 600 L. AF_05/2021 | E50: m³ | F50: 2.37 | G50: 474.49 | H50: 1558.39 | J50: =ROUND(I50*$F50,2) -> 0 | K50: =IF(I50<=G50,"OK","FALSO") -> OK
A51: 2.6.6 | B51: 040810 | C51: IOPES | D51: RECOMPOSIÇÃO DE CONCRETO DANIFICADO, COM UTILIZAÇÃO DE ARGAMASSA SIKA GROUT OU EQUIVALENTE | E51: m³ | F51: 0.47 | G51: 7459.52 | H51: 4858.58 | J51: =ROUND(I51*$F51,2) -> 0 | K51: =IF(I51<=G51,"OK","FALSO") -> OK
A52: 2.8 | D52: VIGAS BALDRAMES | H52: 754.86 | J52: =SUMIF(#REF!,'ORÇAMENTO SINTÉTICO-RESUMO'!C52,#REF!) -> #REF! | K52: =IF(I52<=G52,"OK","FALSO") -> OK
A53: 2.8.1 | B53: 104918 | C53: SINAPI | D53: ARMAÇÃO DE SAPATA ISOLADA, VIGA BALDRAME E SAPATA CORRIDA UTILIZANDO AÇO CA-50 DE 8 MM - MONTAGEM. AF_01/2024 | E53: KG | F53: 10.7 | G53: 16.78 | H53: 248.8 | J53: =ROUND(I53*$F53,2) -> 0 | K53: =IF(I53<=G53,"OK","FALSO") -> OK
A54: 2.8.2 | B54: 104916 | C54: SINAPI | D54: ARMAÇÃO DE SAPATA ISOLADA, VIGA BALDRAME E SAPATA CORRIDA UTILIZANDO AÇO CA-60 DE 5 MM - MONTAGEM. AF_01/2024 | E54: KG | F54: 3.1 | G54: 19.56 | H54: 84.02 | J54: =ROUND(I54*$F54,2) -> 0 | K54: =IF(I54<=G54,"OK","FALSO") -> OK
A55: 2.8.3 | B55: 96536 | C55: SINAPI | D55: FABRICAÇÃO, MONTAGEM E DESMONTAGEM DE FÔRMA PARA VIGA BALDRAME, EM MADEIRA SERRADA, E=25 MM, 4 UTILIZAÇÕES. AF_01/2024 | E55: m² | F55: 2.89 | G55: 75.83 | H55: 303.68 | J55: =ROUND(I55*$F55,2) -> 0 | K55: =IF(I55<=G55,"OK","FALSO") -> OK
A56: 2.8.4 | B56: 94971 | C56: SINAPI | D56: CONCRETO FCK = 25MPA, TRAÇO 1:2,3:2,7 (EM MASSA SECA DE CIMENTO/ AREIA MÉDIA/ BRITA 1) - PREPARO MECÂNICO COM BETONEIRA 600 L. AF_05/2021 | E56: m³ | F56: 0.18 | G56: 474.49 | H56: 118.36 | J56: =ROUND(I56*$F56,2) -> 0 | K56: =IF(I56<=G56,"OK","FALSO") -> OK
A57: 2.9 | D57: VIGAS NIVEL SUPERIOR | H57: 8874.88 | J57: =SUMIF(#REF!,'ORÇAMENTO SINTÉTICO-RESUMO'!C57,#REF!) -> #REF! | K57: =IF(I57<=G57,"OK","FALSO") -> OK
A58: 2.9.1 | B58: 92760 | C58: SINAPI | D58: ARMAÇÃO DE PILAR OU VIGA DE ESTRUTURA CONVENCIONAL DE CONCRETO ARMADO UTILIZANDO AÇO CA-50 DE 6,3 MM - MONTAGEM. AF_06/2022 | E58: KG | F58: 2.2 | G58: 15.48 | H58: 47.2 | J58: =ROUND(I58*$F58,2) -> 0 | K58: =IF(I58<=G58,"OK","FALSO") -> OK
A59: 2.9.2 | B59: 92761 | C59: SINAPI | D59: ARMAÇÃO DE PILAR OU VIGA DE ESTRUTURA CONVENCIONAL DE CONCRETO ARMADO UTILIZANDO AÇO CA-50 DE 8,0 MM - MONTAGEM. AF_06/2022 | E59: KG | F59: 21.7 | G59: 14.52 | H59: 436.62 | J59: =ROUND(I59*$F59,2) -> 0 | K59: =IF(I59<=G59,"OK","FALSO") -> OK
A60: 2.9.3 | B60: 92762 | C60: SINAPI | D60: ARMAÇÃO DE PILAR OU VIGA DE ESTRUTURA CONVENCIONAL DE CONCRETO ARMADO UTILIZANDO AÇO CA-50 DE 10,0 MM - MONTAGEM. AF_06/2022 | E60: KG | F60: 67 | G60: 12.94 | H60: 1201.68 | J60: =ROUND(I60*$F60,2) -> 0 | K60: =IF(I60<=G60,"OK","FALSO") -> OK
A61: 2.9.4 | B61: 92763 | C61: SINAPI | D61: ARMAÇÃO DE PILAR OU VIGA DE ESTRUTURA CONVENCIONAL DE CONCRETO ARMADO UTILIZANDO AÇO CA-50 DE 12,5 MM - MONTAGEM. AF_06/2022 | E61: KG | F61: 61.3 | G61: 10.9 | H61: 926.28 | J61: =ROUND(I61*$F61,2) -> 0 | K61: =IF(I61<=G61,"OK","FALSO") -> OK
A62: 2.9.5 | B62: 92759 | C62: SINAPI | D62: ARMAÇÃO DE PILAR OU VIGA DE ESTRUTURA CONVENCIONAL DE CONCRETO ARMADO UTILIZANDO AÇO CA-60 DE 5,0 MM - MONTAGEM. AF_06/2022 | E62: KG | F62: 58 | G62: 16.44 | H62: 1321.57 | J62: =ROUND(I62*$F62,2) -> 0 | K62: =IF(I62<=G62,"OK","FALSO") -> OK
A63: 2.9.6 | B63: 7406 | C63: ORSE | D63: Forma plana para vigas, em compensado plastificado de 12mm, 04 usos, inclusive escoramento | E63: m² | F63: 16.91 | G63: 67.09 | H63: 1572.1 | J63: =ROUND(I63*$F63,2) -> 0 | K63: =IF(I63<=G63,"OK","FALSO") -> OK
A64: 2.9.7 | B64: 94971 | C64: SINAPI | D64: CONCRETO FCK = 25MPA, TRAÇO 1:2,3:2,7 (EM MASSA SECA DE CIMENTO/ AREIA MÉDIA/ BRITA 1) - PREPARO MECÂNICO COM BETONEIRA 600 L. AF_05/2021 | E64: m³ | F64: 1.98 | G64: 474.49 | H64: 1301.95 | J64: =ROUND(I64*$F64,2) -> 0 | K64: =IF(I64<=G64,"OK","FALSO") -> OK
A65: 2.9.8 | B65: 040810 | C65: IOPES | D65: RECOMPOSIÇÃO DE CONCRETO DANIFICADO, COM UTILIZAÇÃO DE ARGAMASSA SIKA GROUT OU EQUIVALENTE | E65: m³ | F65: 0.2 | G65: 7459.52 | H65: 2067.48 | J65: =ROUND(I65*$F65,2) -> 0 | K65: =IF(I65<=G65,"OK","FALSO") -> OK
A66: 2.10 | D66: VIGAS DE FECHAMENTO | H66: 15255.94 | J66: =SUMIF(#REF!,'ORÇAMENTO SINTÉTICO-RESUMO'!C66,#REF!) -> #REF! | K66: =IF(I66<=G66,"OK","FALSO") -> OK
A67: 2.10.1 | B67: 92760 | C67: SINAPI | D67: ARMAÇÃO DE PILAR OU VIGA DE ESTRUTURA CONVENCIONAL DE CONCRETO ARMADO UTILIZANDO AÇO CA-50 DE 6,3 MM - MONTAGEM. AF_06/2022 | E67: KG | F67: 1.4 | G67: 15.48 | H67: 30.03 | J67: =ROUND(I67*$F67,2) -> 0 | K67: =IF(I67<=G67,"OK","FALSO") -> OK
A68: 2.10.2 | B68: 92761 | C68: SINAPI | D68: ARMAÇÃO DE PILAR OU VIGA DE ESTRUTURA CONVENCIONAL DE CONCRETO ARMADO UTILIZANDO AÇO CA-50 DE 8,0 MM - MONTAGEM. AF_06/2022 | E68: KG | F68: 159.8 | G68: 14.52 | H68: 3215.3 | J68: =ROUND(I68*$F68,2) -> 0 | K68: =IF(I68<=G68,"OK","FALSO") -> OK
A69: 2.10.3 | B69: 92759 | C69: SINAPI | D69: ARMAÇÃO DE PILAR OU VIGA DE ESTRUTURA CONVENCIONAL DE CONCRETO ARMADO UTILIZANDO AÇO CA-60 DE 5,0 MM - MONTAGEM. AF_06/2022 | E69: KG | F69: 73.1 | G69: 16.44 | H69: 1665.64 | J69: =ROUND(I69*$F69,2) -> 0 | K69: =IF(I69<=G69,"OK","FALSO") -> OK
A70: 2.10.4 | B70: 7406 | C70: ORSE | D70: Forma plana para vigas, em compensado plastificado de 12mm, 04 usos, inclusive escoramento | E70: m² | F70: 76.9 | G70: 67.09 | H70: 7149.28 | J70: =ROUND(I70*$F70,2) -> 0 | K70: =IF(I70<=G70,"OK","FALSO") -> OK
A71: 2.10.5 | B71: 94971 | C71: SINAPI | D71: CONCRETO FCK = 25MPA, TRAÇO 1:2,3:2,7 (EM MASSA SECA DE CIMENTO/ AREIA MÉDIA/ BRITA 1) - PREPARO MECÂNICO COM BETONEIRA 600 L. AF_05/2021 | E71: m³ | F71: 4.86 | G71: 474.49 | H71: 3195.69 | J71: =ROUND(I71*$F71,2) -> 0 | K71: =IF(I71<=G71,"OK","FALSO") -> OK
A72: 2.11 | D72: VIGAS DE COBERTURA | H72: 44625.62 | J72: =SUMIF(#REF!,'ORÇAMENTO SINTÉTICO-RESUMO'!C72,#REF!) -> #REF! | K72: =IF(I72<=G72,"OK","FALSO") -> OK
A73: 2.11.1 | B73: 92760 | C73: SINAPI | D73: ARMAÇÃO DE PILAR OU VIGA DE ESTRUTURA CONVENCIONAL DE CONCRETO ARMADO UTILIZANDO AÇO CA-50 DE 6,3 MM - MONTAGEM. AF_06/2022 | E73: KG | F73: 130.4 | G73: 15.48 | H73: 2797.5 | J73: =ROUND(I73*$F73,2) -> 0 | K73: =IF(I73<=G73,"OK","FALSO") -> OK
A74: 2.11.2 | B74: 92761 | C74: SINAPI | D74: ARMAÇÃO DE PILAR OU VIGA DE ESTRUTURA CONVENCIONAL DE CONCRETO ARMADO UTILIZANDO AÇO CA-50 DE 8,0 MM - MONTAGEM. AF_06/2022 | E74: KG | F74: 131.4 | G74: 14.52 | H74: 2643.87 | J74: =ROUND(I74*$F74,2) -> 0 | K74: =IF(I74<=G74,"OK","FALSO") -> OK
A75: 2.11.3 | B75: 92762 | C75: SINAPI | D75: ARMAÇÃO DE PILAR OU VIGA DE ESTRUTURA CONVENCIONAL DE CONCRETO ARMADO UTILIZANDO AÇO CA-50 DE 10,0 MM - MONTAGEM. AF_06/2022 | E75: KG | F75: 410.3 | G75: 12.94 | H75: 7358.92 | J75: =ROUND(I75*$F75,2) -> 0 | K75: =IF(I75<=G75,"OK","FALSO") -> OK
A76: 2.11.4 | B76: 92763 | C76: SINAPI | D76: ARMAÇÃO DE PILAR OU VIGA DE ESTRUTURA CONVENCIONAL DE CONCRETO ARMADO UTILIZANDO AÇO CA-50 DE 12,5 MM - MONTAGEM. AF_06/2022 | E76: KG | F76: 116.2 | G76: 10.9 | H76: 1755.85 | J76: =ROUND(I76*$F76,2) -> 0 | K76: =IF(I76<=G76,"OK","FALSO") -> OK
A77: 2.11.5 | B77: 92759 | C77: SINAPI | D77: ARMAÇÃO DE PILAR OU VIGA DE ESTRUTURA CONVENCIONAL DE CONCRETO ARMADO UTILIZANDO AÇO CA-60 DE 5,0 MM - MONTAGEM. AF_06/2022 | E77: KG | F77: 190.9 | G77: 16.44 | H77: 4349.8 | J77: =ROUND(I77*$F77,2) -> 0 | K77: =IF(I77<=G77,"OK","FALSO") -> OK
A78: 2.11.6 | B78: 7406 | C78: ORSE | D78: Forma plana para vigas, em compensado plastificado de 12mm, 04 usos, inclusive escoramento | E78: m² | F78: 188.31 | G78: 67.09 | H78: 17506.9 | J78: =ROUND(I78*$F78,2) -> 0 | K78: =IF(I78<=G78,"OK","FALSO") -> OK
A79: 2.11.7 | B79: 94971 | C79: SINAPI | D79: CONCRETO FCK = 25MPA, TRAÇO 1:2,3:2,7 (EM MASSA SECA DE CIMENTO/ AREIA MÉDIA/ BRITA 1) - PREPARO MECÂNICO COM BETONEIRA 600 L. AF_05/2021 | E79: m³ | F79: 12.49 | G79: 474.49 | H79: 8212.78 | J79: =ROUND(I79*$F79,2) -> 0 | K79: =IF(I79<=G79,"OK","FALSO") -> OK
A80: 2.12 | D80: ENCHIMENTO EM LAJE | H80: 20030.88 | J80: =SUMIF(#REF!,'ORÇAMENTO SINTÉTICO-RESUMO'!C80,#REF!) -> #REF! | K80: =IF(I80<=G80,"OK","FALSO") -> OK
A81: 2.12.1 | B81: CPU 739 | C81: Próprio | D81: ENCHIMENTO - ISOLAMENTO TERMICO P/ LAJE/PISO-VERMICULITA/AREIA/CIM. | E81: m³ | F81: 35.7 | G81: 404.88 | H81: 20030.88 | J81: =ROUND(I81*$F81,2) -> 0 | K81: =IF(I81<=G81,"OK","FALSO") -> OK
A82: 3 | D82: ESTRUTURA METÁLICA | H82: 217071.53 | J82: =SUMIF(#REF!,'ORÇAMENTO SINTÉTICO-RESUMO'!C82,#REF!) -> #REF! | K82: =IF(I82<=G82,"OK","FALSO") -> OK
A83: 3.1 | B83: 11.016.0001-0 | C83: EMOP | D83: ESTRUTURA METALICA PARA COBERTURA DE GALPAO EM ARCO OU EM DUAS OU MAIS AGUAS,COM TRELICAS,TERCAS,TIRANTES,ETC,SOBRE APOIOS (INCLUSIVE ESTES),PARA VAOS ATE 25,00M, CONSIDERANDO AS PERDAS E UMA DEMAO DE PINTURA ANTIOXIDO, FORNECIMENTO E MONTAGEM. EXCLUSIVE COBERTURA E ACESSORIOS. | E83: KG | F83: 6187.19 | G83: 21.19 | H83: 181707.25 | J83: =ROUND(I83*$F83,2) -> 0 | K83: =IF(I83<=G83,"OK","FALSO") -> OK
A84: 3.2 | B84: CPU 766 | C84: Próprio | D84: ESTRUTURA METÁLICA, COM LIGAÇÕES SOLDADAS, INCLUSOS PERFIS METÁLICOS, CHAPAS METÁLICAS, MÃO DE OBRA E TRANSPORTE - FORNECIMENTO E INSTALAÇÃO. | E84: KG | F84: 1536.38 | G84: 11.92 | H84: 25385.61 | J84: =ROUND(I84*$F84,2) -> 0 | K84: =IF(I84<=G84,"OK","FALSO") -> OK
A85: 3.3 | B85: 100739 | C85: SINAPI | D85: PINTURA COM TINTA ALQUÍDICA DE ACABAMENTO (ESMALTE SINTÉTICO ACETINADO) PULVERIZADA SOBRE PERFIL METÁLICO EXECUTADO EM FÁBRICA (POR DEMÃO). AF_01/2020_PE | E85: m² | F85: 589.66 | G85: 12.21 | H85: 9978.67 | J85: =ROUND(I85*$F85,2) -> 0 | K85: =IF(I85<=G85,"OK","FALSO") -> OK
A86: 4 | D86: INSTALAÇÕES ELÉTRICAS | H86: 81960.51 | J86: =SUMIF(#REF!,'ORÇAMENTO SINTÉTICO-RESUMO'!C86,#REF!) -> #REF! | K86: =IF(I86<=G86,"OK","FALSO") -> OK
A87: 4.1 | B87: 150628 | C87: IOPES | D87: CAIXA DE EMBUTIR MARCA DE REFERÊNCIA TIGREFLEX, 4X2" | E87: und | F87: 86 | G87: 8.93 | H87: 1064.59 | J87: =ROUND(I87*$F87,2) -> 0 | K87: =IF(I87<=G87,"OK","FALSO") -> OK
A88: 4.2 | B88: 150629 | C88: IOPES | D88: CAIXA DE EMBUTIR MARCA DE REFERÊNCIA TIGREFLEX, 4X4" | E88: und | F88: 1 | G88: 15.69 | H88: 21.75 | J88: =ROUND(I88*$F88,2) -> 0 | K88: =IF(I88<=G88,"OK","FALSO") -> OK
A89: 4.3 | B89: 92865 | C89: SINAPI | D89: CAIXA OCTOGONAL 4" X 4", METÁLICA, INSTALADA EM LAJE - FORNECIMENTO E INSTALAÇÃO. AF_03/2023 | E89: UN | F89: 48 | G89: 17.74 | H89: 1180.06 | J89: =ROUND(I89*$F89,2) -> 0 | K89: =IF(I89<=G89,"OK","FALSO") -> OK
A90: 4.4 | B90: 91926 | C90: SINAPI | D90: CABO DE COBRE FLEXÍVEL ISOLADO, 2,5 MM², ANTI-CHAMA 450/750 V, PARA CIRCUITOS TERMINAIS - FORNECIMENTO E INSTALAÇÃO. AF_03/2023 | E90: M | F90: 3193.8 | G90: 4.96 | H90: 21959.61 | J90: =ROUND(I90*$F90,2) -> 0 | K90: =IF(I90<=G90,"OK","FALSO") -> OK
A91: 4.5 | B91: 91930 | C91: SINAPI | D91: CABO DE COBRE FLEXÍVEL ISOLADO, 6 MM², ANTI-CHAMA 450/750 V, PARA CIRCUITOS TERMINAIS - FORNECIMENTO E INSTALAÇÃO. AF_03/2023 | E91: M | F91: 1176.4 | G91: 10.55 | H91: 17196.06 | J91: =ROUND(I91*$F91,2) -> 0 | K91: =IF(I91<=G91,"OK","FALSO") -> OK
A92: 4.6 | B92: 101560 | C92: SINAPI | D92: CABO DE COBRE FLEXÍVEL ISOLADO, 10 MM², 0,6/1,0 KV, PARA REDE AÉREA DE DISTRIBUIÇÃO DE ENERGIA ELÉTRICA DE BAIXA TENSÃO - FORNECIMENTO E INSTALAÇÃO. AF_07/2020 | E92: M | F92: 3 | G92: 10.97 | H92: 45.61 | J92: =ROUND(I92*$F92,2) -> 0 | K92: =IF(I92<=G92,"OK","FALSO") -> OK
A93: 4.7 | B93: 9934 | C93: ORSE | D93: Disjuntor termomagnetico tripolar 175 A, padrão DIN (Europeu - linha branca),10KA | E93: un | F93: 2 | G93: 205.24 | H93: 568.84 | J93: =ROUND(I93*$F93,2) -> 0 | K93: =IF(I93<=G93,"OK","FALSO") -> OK
A94: 4.8 | B94: 93671 | C94: SINAPI | D94: DISJUNTOR TRIPOLAR TIPO DIN, CORRENTE NOMINAL DE 32A - FORNECIMENTO E INSTALAÇÃO. AF_10/2020 | E94: UN | F94: 6 | G94: 83.12 | H94: 691.09 | J94: =ROUND(I94*$F94,2) -> 0 | K94: =IF(I94<=G94,"OK","FALSO") -> OK
A95: 4.9 | B95: 93654 | C95: SINAPI | D95: DISJUNTOR MONOPOLAR TIPO DIN, CORRENTE NOMINAL DE 16A - FORNECIMENTO E INSTALAÇÃO. AF_10/2020 | E95: UN | F95: 11 | G95: 12.78 | H95: 194.8 | J95: =ROUND(I95*$F95,2) -> 0 | K95: =IF(I95<=G95,"OK","FALSO") -> OK
A96: 4.10 | B96: 93655 | C96: SINAPI | D96: DISJUNTOR MONOPOLAR TIPO DIN, CORRENTE NOMINAL DE 20A - FORNECIMENTO E INSTALAÇÃO. AF_10/2020 | E96: UN | F96: 6 | G96: 14.37 | H96: 119.45 | J96: =ROUND(I96*$F96,2) -> 0 | K96: =IF(I96<=G96,"OK","FALSO") -> OK
A97: 4.11 | B97: 93658 | C97: SINAPI | D97: DISJUNTOR MONOPOLAR TIPO DIN, CORRENTE NOMINAL DE 40A - FORNECIMENTO E INSTALAÇÃO. AF_10/2020 | E97: UN | F97: 1 | G97: 23.5 | H97: 32.57 | J97: =ROUND(I97*$F97,2) -> 0 | K97: =IF(I97<=G97,"OK","FALSO") -> OK
A98: 4.12 | B98: 151337 | C98: IOPES | D98: DISPOSITIVO DE PROTEÇÃO CONTRA SURTO (DPS) BIPOLAR, 40KA, 275VCA, REFERÊNCIA SIEMENS, STECK, CLAMPER OU EQUIVALENTE | E98: und | F98: 3 | G98: 104.15 | H98: 433.01 | J98: =ROUND(I98*$F98,2) -> 0 | K98: =IF(I98<=G98,"OK","FALSO") -> OK
... A132: 4.46 | B132: 97605 | C132: SINAPI | D132: LUMINÁRIA ARANDELA TIPO MEIA LUA, DE SOBREPOR, COM 1 LÂMPADA LED DE 6 W, SEM REATOR - FORNECIMENTO E INSTALAÇÃO. AF_09/2024 | E132: UN | F132: 2 | G132: 88.15 | H132: 244.33 | J132: =ROUND(I132*$F132,2) -> 0 | K132: =IF(I132<=G132,"OK","FALSO") -> OK
A133: 5 | D133: SOM (SEM EQUIPAMENTOS) | H133: 5462.94 | J133: =SUMIF(#REF!,'ORÇAMENTO SINTÉTICO-RESUMO'!C133,#REF!) -> #REF! | K133: =IF(I133<=G133,"OK","FALSO") -> OK
...
